 Dungeon Crawl Stone Soup version 0.23-a0-446-g036aa52d93 (webtiles) character file.

9 Esekla the Thaumaturge (level 2, 0/19 HPs)
             Began as a Gnoll Wanderer on Nov 18, 2018.
             Slain by a goblin
             ... wielding a +0 club
              (4 damage)
             ... on level 1 of the Dungeon.
             The game lasted 00:04:01 (203 turns).

Esekla the Thaumaturge (Gnoll Wanderer)              Turns: 203, Time: 00:04:01

Health: 0/19       AC:  2    Str: 16    XL:     2   Next: 12%
Magic:  13/14      EV: 11    Int: 12    God:
Gold:   7          SH:  5    Dex: 14    Spells: 22/23 levels left

rFire    . . .     SeeInvis .   e - +0 club
rCold    . . .     Gourm    .   c - +0 buckler
rNeg     . . .     Faith    .   d - +0 robe
rPois    .         Spirit   .   (no helmet)
rElec    .         Reflect  .   (no cloak)
rCorr    .         Harm     .   (no gloves)
MR       .....                  (no boots)
Stlth    +.........             (no amulet)
HPRegen  0.06/turn              (no ring)
MPRegen  0.14/turn              (no ring)

@: no status effects
A: distributed training, fangs 1, strong nose
a: no special abilities


You were on level 1 of the Dungeon.
You were not hungry.

You visited 1 branch of the dungeon, and saw 2 of its levels.

You collected 7 gold pieces.

Inventory:

Hand Weapons
 e - a +0 club (weapon)
Armour
 c - a +0 buckler (worn)
 d - a +0 robe (worn)
Scrolls
 b - a scroll of identify {unknown}
Potions
 a - a potion of mutation {unknown}
Comestibles
 f - 2 rations


   Skills:
 + Level 0.2 Fighting
 + Level 0.2 Short Blades
 + Level 0.2 Long Blades
 + Level 0.2 Axes
 + Level 0.2 Maces & Flails
 + Level 0.2 Polearms
 + Level 0.2 Staves
 + Level 0.2 Slings
 + Level 0.2 Bows
 + Level 0.2 Crossbows
 + Level 0.2 Throwing
 + Level 0.2 Armour
 + Level 0.2 Dodging
 + Level 0.2 Stealth
 + Level 4.4 Shields
 + Level 0.2 Unarmed Combat
 + Level 11.1 Spellcasting
 + Level 0.1 Conjurations
 + Level 0.1 Hexes
 + Level 3.6 Charms
 + Level 0.1 Summonings
 + Level 0.1 Necromancy
 + Level 2.0 Translocations
 + Level 0.1 Transmutations
 + Level 0.1 Fire Magic
 + Level 0.1 Ice Magic
 + Level 0.1 Air Magic
 + Level 0.1 Earth Magic
 + Level 0.1 Poison Magic
 + Level 0.3 Invocations
 + Level 0.2 Evocations


You had 22 spell levels left.
You knew the following spells:

 Your Spells              Type           Power        Failure   Level  Hunger
a - Magic Dart            Conj           #...         10%         1    None

Your spell library contained the following spells:

 Spells                   Type           Power        Failure   Level  Hunger
 Blink                    Tloc           N/A          7%          2    None
 Freeze                   Ice            #...         10%         1    None
 Ozocubu's Armour         Chrm/Ice       ##......     14%         3    #......
 Call Imp                 Summ           #.......     16%         2    None
 Slow                     Hex            #.......     16%         2    None
 Conjure Flame            Conj/Fire      #.......     30%         3    #......
 Mephitic Cloud           Conj/Pois/Air  #.......     30%         3    #......


Dungeon Overview and Level Annotations

Branches:
Dungeon (2/15)

Altars:


Innate Abilities, Weirdness & Mutations

Your experience applies equally to all skills.
You have very sharp teeth.
Your uncanny sense of smell can sniff out nearby items.


Message History

You barely miss the leopard gecko. You bite the leopard gecko.
The leopard gecko is heavily wounded.
The leopard gecko bites you but does no damage.
You miss the leopard gecko.
The leopard gecko is heavily wounded.
The leopard gecko misses you. The leopard gecko bites you.
* * * LOW HITPOINT WARNING * * *
Casting: Magic Dart (safe; 10% risk of failure)
Confirm with . or Enter, or press ? or * to list all spells.
Aiming: Magic Dart (safe; 10% risk of failure)
Press: ? - help, Shift-Dir - straight line, f - leopard gecko, p - goblin
Aim: a leopard gecko (heavily wounded, clinging)
The magic dart hits the leopard gecko.
You kill the leopard gecko!
You block the goblin's attack.
You completely miss the goblin. The goblin misses you.
You barely miss the goblin. You bite the goblin, but do no damage.
The goblin hits you but does no damage.
You closely miss the goblin. The goblin hits you with a +0 club.
You die...

#(.....
......##+#.#
#.# #.#+####
#.........##
### ..
#..........#
#..........#
#$.........#
.##.........##
............#
............#
.........@.##
.......!g####
............#
............#
#+#.........#
#.........#
+.........#
#.........#
#.#########


You could see a goblin.

Vanquished Creatures
  2 leopard geckos (D:1)
  A hobgoblin (D:1)
  3 bats (D:1)
  A frilled lizard (D:1)
  A rat (D:2)
8 creatures vanquished.

Notes
Turn   | Place    | Note
-------+----------+-------------------------------------------
     0 | D:1      | Reached skill level 11 in Spellcasting
     0 | D:1      | Esekla the Gnoll Wanderer began the quest for the Orb.
     0 | D:1      | Esekla set off with the following items: a +0 buckler, a +0
                  | robe, a +0 club, a ration; and the following spells
                  | available to memorise: Blink, Freeze, Magic Dart, Call Imp,
                  | Slow, Ozocubu's Armour, Conjure Flame, Mephitic Cloud
     0 | D:1      | Reached XP level 1. HP: 13/13 MP: 12/12
     6 | D:1      | Learned a level 1 spell: Magic Dart
   177 | D:1      | Reached XP level 2. HP: 16/19 MP: 14/14
   203 | D:1      | Slain by a goblin

Vault maps used:
D:1:      dpeg_arrival_fog
D:2:      lemuel_zombie_altar_kikubaaqudgha, ashenzari_altar_1,
          gammafunk_temple_overflow_wave, lemuel_doored_altar, uniq_robin

Skill      XL: |  1 |
---------------+----+-----
Spellcasting   | | 11.1
Translocations | 2 |  2.0
Fighting       | |  0.2
Short Blades   | |  0.2
Long Blades    | |  0.2
Axes           | |  0.2
Maces & Flails | |  0.2
Polearms       | |  0.2
Staves         | |  0.2
Slings         | |  0.2
Bows           | |  0.2
Crossbows      | |  0.2
Throwing       | |  0.2
Armour         | |  0.2
Dodging        | |  0.2
Stealth        | |  0.2
Shields        | |  4.4
Unarmed Combat | |  0.2
Conjurations   | |  0.1
Hexes          | |  0.1
Charms         | |  3.6
Summonings     | |  0.1
Necromancy     | |  0.1
Transmutations | |  0.1
Fire Magic     | |  0.1
Ice Magic      | |  0.1
Air Magic      | |  0.1
Earth Magic    | |  0.1
Poison Magic   | |  0.1
Invocations    | |  0.3
Evocations     | |  0.2

Action                   || total
-------------------------++-------
Melee: Club              ||    31
       Bite              ||     2
 Cast: Magic Dart        ||     6
Armor: Robe              ||     3
Dodge: Dodged            ||    17
Block: Buckler           ||     7

Table legend:
 A = Non-vault XP
 B = Vault XP
 C = Vault XP percentage of total XP
 D = Non-vault monster count
 E = Vault monster count
 F = Vault count percentage of total count
                 A         B        C        D         E       F
            +---------+---------+-------+---------+---------+-------
      Total |      13 |       0 |   0.0 |       8 |       0 |   0.0
            +---------+---------+-------+---------+---------+-------
        D:1 |      12 |       0 |   0.0 |       7 |       0 |   0.0
        D:2 |       1 |       0 |   0.0 |       1 |       0 |   0.0
            +---------+---------+-------+---------+---------+-------
